Map: Lock & Load

Players

NamroodTuo

  • Race: Zerg Zerg

Chrille

  • Race: Terran Terran

VOD

Have the link to the VOD?

Description

Time

  • Played on: April 18, 2023, 3:55 a.m.
  • Length: 18:13
Show
View Real Time Build Order
Export as new Build Order

NamroodTuo Zerg 

Build Orders:  

Get SALT Encoding   

  12  0:21  Infested Barracks  
  12  0:26  Infested SCV  
  13  0:34  Infested SCV  
  13  0:39  Infested SCV  
  15  0:51  Overlord  
  15  1:22  Infested SCV  
  16  1:32  Infested SCV  
  16  1:34  Infested SCV  
  16  1:38  Infestation Level 1  
  18  1:43  Infested Refinery  
  18  1:45  Infested SCV  
  19  1:50  Infested SCV  
  19  1:58  Infested SCV  
  21  2:07  Infested Engineering Bay  
  21  2:15  Infested SCV  
  22  2:34  Infested Refinery  
  22  2:35  Infested SCV  
  23  3:23  Infested Command Center  
  23  3:38  Anaerobic Enhancement, Infested Barracks Tech Lab  
  23  3:54  Overlord  
  23  3:57  Overlord  
  23  4:13  Infested Factory  
  23  4:21  Infested Marine x2  
  23  4:22  Infested Marine x4  
  29  4:38  Infestation Level 2  
  29  5:21  Infested Marine  
  29  5:22  Infested Marine x9  
  29  5:23  Infested Marine x9  
  42  5:49  Infested Command Center  
  46  5:50  Infested Bunker  
  46  5:51  Infested SCV x2  
  48  6:00  Infested SCV x2  
  48  6:04  Infested SCV  
  48  6:09  Infested SCV  
  52  6:14  Infested SCV  
  53  6:56  Overlord  
  53  7:01  Overlord x2  
  53  7:02  Overlord x2  
  53  7:03  Infested SCV  
  54  7:15  Broodling Gestation  
  35  7:31  Retinal Augmentation  
  35  7:46  Infested Armory  
  35  7:48  Infested Factory Tech Lab  
  35  8:16  Stukov Infantry Weapons Level 1  
  35  8:27  Infested Bunker  
  39  8:36  Infested SCV x5  
  39  9:05  Infested Diamondback  
  39  9:06  Infested Siege Tank  
  49  9:49  Infested SCV  
  50  9:50  Infested SCV x3  
  50  9:56  Infested Refinery  
  50  9:58  Infested SCV  
  50  9:59  Infested SCV x2  
  56  10:02  Infested Bunker  
  56  10:11  Infested SCV  
  56  10:12  Infested SCV  
  56  10:17  Infested SCV x3  
  61  10:38  Infested Diamondback x2  
  67  10:44  Overlord  
  67  10:56  Stukov Infantry Armor Level 1  
  67  11:17  Infested Bunker  
  71  11:24  Overlord x2, Aggressive Incubation  
  71  12:02  Infested Bunker  
  79  12:11  Infested Bunker  
  79  12:16  Overseer  
  79  12:17  Overseer x4  
  79  12:20  Overlord x2  
  79  12:53  Infested Diamondback x3  
  88  13:23  Infested SCV  
  88  13:24  Infested SCV x4  
  97  13:45  Infested Bunker  
  97  13:48  Infested Bunker  
  101  13:55  Infested Diamondback  
  104  14:09  Infested SCV x2  
  106  14:15  Stukov Infantry Weapons Level 2  
  105  14:49  Infested Siege Tank, Infested Diamondback  
  111  14:50  Infested Diamondback  
  113  15:22  Infested Bunker  
  121  15:32  Infested Bunker  
  121  15:42  Infested Siege Tank, Infested Diamondback  
  127  16:27  Infested Bunker  
  131  16:41  Infested Marine  
  131  16:42  Infested Marine x2  
Show
View Real Time Build Order
Export as new Build Order

Chrille Terran 

Build Orders:  

Get SALT Encoding   

  12  0:00  SCV x6  
  12  0:03  SCV  
  12  0:07  Supply Bunker, Dominion Trooper x6  
  19  0:15  SCV  
  20  0:23  SCV  
  21  0:30  Refinery  
  21  0:31  SCV  
  21  0:35  Refinery  
  21  0:39  SCV  
  23  0:51  SCV  
  23  0:59  SCV  
  25  1:07  SCV  
  26  1:15  Barracks, SCV  
  27  1:30  Supply Bunker  
  27  1:43  SCV  
  27  1:46  Supply Bunker  
  28  1:51  SCV  
  28  1:59  SCV  
  30  2:07  SCV  
  31  2:13  Dominion Trooper  
  31  2:17  Dominion Trooper  
  31  2:28  Factory  
  31  2:33  Supply Bunker, Dominion Trooper x6  
  31  2:38  SCV  
  38  2:46  SCV  
  38  2:47  Engineering Bay  
  39  2:54  SCV  
  40  3:02  SCV  
  40  3:05  SCV x4  
  40  3:07  SCV x2  
  41  3:11  Command Center  
  41  3:32  SCV  
  41  3:36  Starport  
  41  3:37  Terran Infantry Weapons Level 1  
  42  3:40  SCV, Engineering Bay  
  42  3:48  SCV  
  44  3:56  SCV  
  44  3:57  SCV x2  
  44  3:59  Dominion Trooper  
  44  4:00  Dominion Trooper  
  44  4:01  Dominion Trooper x3  
  44  4:12  SCV  
  45  4:20  SCV x2  
  45  4:25  Refinery  
  45  4:28  SCV x2  
  49  4:36  SCV x2  
  51  4:44  SCV x2  
  53  4:52  SCV x2  
  54  5:00  SCV  
  54  5:08  SCV  
  56  5:12  Marauder  
  56  5:15  SCV  
  56  5:17  Imperial Witness  
  65  5:20  Terran Infantry Armor Level 1  
  65  5:25  Fusion Core, Armory  
  65  5:29  SCV x3  
  67  5:32  Dominion Trooper x3  
  67  5:37  Dominion Trooper x2  
  69  5:40  Refinery  
  69  5:45  Dominion Trooper x2  
  69  5:47  Dominion Trooper  
  71  5:53  Dominion Trooper x2  
  71  5:54  Imperial Witness  
  71  5:57  SCV  
  73  6:07  Supply Bunker  
  73  6:24  Imperial Witness  
  75  6:35  Amplified Airwaves  
  75  6:39  Terran Infantry Weapons Level 2, Supply Bunker  
  75  6:42  Supply Bunker  
  77  6:53  Dominion Trooper  
  77  6:54  Dominion Trooper, Imperial Witness  
  81  7:01  Dominion Trooper  
  81  7:02  Dominion Trooper  
  81  7:06  Supply Bunker  
  81  7:09  Dominion Trooper  
  84  7:10  Dominion Trooper  
  84  7:17  Dominion Trooper  
  84  7:18  Dominion Trooper  
  87  7:22  Supply Bunker  
  87  7:25  Supply Bunker, Dominion Trooper  
  87  7:26  Dominion Trooper  
  89  7:33  Medivac, Dominion Trooper  
  89  7:34  Dominion Trooper  
  89  7:35  Dual Resuscitators  
  93  7:41  Dominion Trooper  
  93  7:42  Dominion Trooper, Imperial Witness  
  93  7:49  Dominion Trooper  
  95  7:50  Dominion Trooper  
  95  7:54  Medivac  
  95  7:57  Supply Bunker, Dominion Trooper x6  
  84  8:19  Marauder  
  89  8:25  Ghost Academy  
  89  8:26  SCV  
  89  8:33  Supply Bunker, Dominion Trooper x6  
  89  8:35  Scatter Veil  
  95  9:17  Supply Bunker, Dominion Trooper x6  
  101  9:39  Terran Infantry Armor Level 2  
  101  9:43  Field-Assist Targeting System  
  101  9:44  Imperial Witness  
  101  9:45  Battlecruiser  
  118  9:50  Command Center  
  118  9:54  Dominion Trooper  
  118  9:55  Dominion Trooper  
  118  9:57  Incapacitator Shells  
  120  10:02  Dominion Trooper, Bulwark Field  
  120  10:03  Dominion Trooper  
  122  10:10  Dominion Trooper  
  122  10:11  Dominion Trooper  
  122  10:18  Dominion Trooper  
  122  10:19  Dominion Trooper  
  126  10:26  Dominion Trooper  
  126  10:27  Dominion Trooper  
  128  10:34  Dominion Trooper  
  128  10:35  Dominion Trooper  
  130  10:41  Marauder  
  130  10:42  Dominion Trooper  
  130  10:43  Dominion Trooper  
  130  10:44  Imperial Witness  
  138  10:50  Dominion Trooper  
  138  10:51  Dominion Trooper  
  138  10:58  Dominion Trooper  
  138  10:59  Dominion Trooper  
  142  11:06  Dominion Trooper  
  142  11:07  Dominion Trooper  
  144  11:14  Dominion Trooper  
  144  11:15  Dominion Trooper, Imperial Witness  
  148  11:22  Marauder, Dominion Trooper x2  
  156  11:30  Dominion Trooper x2  
  156  11:34  Supply Bunker, Dominion Trooper x6  
  156  11:38  Dominion Trooper x2  
  162  11:45  Medivac  
  162  11:46  Dominion Trooper x2  
  156  12:10  Imperial Witness  
  156  12:18  Dominion Trooper  
  156  12:19  Unknown x7, Dominion Trooper x2  
  162  12:20  Unknown x8  
  162  12:26  Dominion Trooper  
  162  12:27  Dominion Trooper x2  
  161  12:34  Dominion Trooper x2  
  146  12:57  Dominion Trooper  
  146  12:58  Dominion Trooper x2  
  144  13:05  Dominion Trooper  
  144  13:06  Dominion Trooper x2  
  155  13:11  Supply Bunker, Dominion Trooper x6  
  155  13:12  Supply Bunker, Dominion Trooper x6  
  155  13:13  Dominion Trooper  
  155  13:14  Dominion Trooper x2  
  155  13:17  Thor  
  168  13:21  Dominion Trooper  
  168  13:22  Dominion Trooper x2  
  168  13:29  Dominion Trooper  
  169  13:30  Dominion Trooper  
  169  13:36  Dominion Trooper  
  169  13:37  Dominion Trooper  
  169  13:38  Dominion Trooper  
  168  13:55  Imperial Witness  
  168  13:57  Dominion Trooper x3  
  168  14:25  Imperial Witness  
  168  14:28  Dominion Trooper  
  168  14:29  Dominion Trooper x2  
  174  14:36  Supply Bunker, Dominion Trooper x7  
  174  14:37  Supply Bunker, Dominion Trooper x6  
  183  14:55  Battlecruiser  
  200  15:22  Dominion Trooper x2  
  200  15:47  Imperial Witness  
  200  15:57  Imperial Witness  
  190  16:48  Unknown x3  
  190  16:49  Unknown x7  
  180  17:06  Supply Bunker, Dominion Trooper x6  
Tags
 
Commander
MengskStukov
Matchup
Co-op
Replay Pack
Multiplayer
Add a new tag
Caveats
  • Supply blocks, unpowered buildings, or Contaminate may cause inaccurate times.
  • Supply counts are checked every 10 seconds.